 Dungeon Crawl Stone Soup version 0.28-a0-1128-gb845255321 (webtiles) character file.

Game seed: 2529992789328903377

2143 Froggeryz the Cleaver (level 9, 0/67 HPs)
             Began as a Palentonga Berserker on Dec 12, 2021.
             Was a Priest of Trog.
             Slain by a centaur (3 damage)
             ... on level 6 of the Dungeon.
             The game lasted 00:07:19 (7064 turns).

Froggeryz the Cleaver (Palentonga Berserker)        Turns: 7064, Time: 00:07:19

Health: 0/67       AC: 15    Str: 24    XL:     9   Next: 9%
Magic:  9/9        EV:  8    Int:  7    God:    Trog [***...]
Gold:   279        SH:  0    Dex: 11    Spells: 8/8 levels left

rFire   . . .      SeeInvis +   a - +0 hand axe
rCold   . . .      Faith    .   (no shield)
rNeg    . . .      Spirit   .   j - +0 scale mail
rPois   .          Reflect  .   q - +0 helmet
rElec   .          Harm     .   (no cloak)
rCorr   .          Rampage  .   (no gloves)
Will    .....                   (no barding)
Stlth   ..........              (no amulet)
HPRegen 0.21/turn               (no ring)
MPRegen 0.11/turn               (no ring)

@: curled up
A: large, rugged brown scales 3, see invisible, deformed body, roll 1, armoured
tail, reflexive curl
a: Rolling Charge, Renounce Religion, Berserk, Trog's Hand


You were on level 6 of the Dungeon.
You worshipped Trog.
Trog was most pleased with you.
You visited 1 branch of the dungeon, and saw 6 of its levels.
You also visited: Sewer.

You collected 279 gold pieces.

Inventory:

Hand Weapons
 a - a +0 hand axe (weapon)
Missiles
 d - 29 poisoned darts
 l - 9 boomerangs (quivered)
Armour
 j - a +0 scale mail (worn)
 q - a +0 helmet (worn)
Wands
 s - a wand of flame (18)
Scrolls
 b - 3 scrolls of immolation
 c - 5 scrolls of identify {unknown}
 f - 3 scrolls of teleportation {unknown}
 g - a scroll of blinking {unknown}
 m - a scroll of enchant armour {unknown}
 o - a scroll of summoning {unknown}
 p - a scroll of magic mapping {unknown}
 r - a scroll of silence {unknown}
 u - a scroll of noise {unknown}
 v - a scroll of amnesia {unknown}
Potions
 e - 3 potions of heal wounds {unknown}
 h - a potion of attraction {unknown}
 i - a potion of haste {unknown}
 k - 3 potions of curing {unknown}
 n - a potion of mutation {unknown}
 t - 2 potions of lignification {unknown}


   Skills:
 - Level 3.0 Fighting
 * Level 10.3 Axes
 - Level 4.1 Throwing
 + Level 3.3 Armour
 - Level 2.1 Dodging


You had 8 spell levels left.
You didn't know any spells.
Your spell library was empty.

Dungeon Overview and Level Annotations

Branches:
Dungeon (6/15)             Temple (0/1) D:4           Sewer (visited)

Altars:
Ashenzari
Fedhas
Hepliaklqana
Nemelex Xobeh
Qazlal
Sif Muna
Zin
The Shining One

Shops:
D:3 (

Annotations:
D:3 3 runed translucent doors, ChaosChampion's ghost, amateur OpTm


Innate Abilities, Weirdness & Mutations

You are completely covered in rugged brown scales. (AC +3, +7% HP)
You have supernaturally acute eyesight. (SInv)
Armour fits poorly on your strangely shaped body.
You can roll at nearby foes to attack.
You have a long armoured tail.
You curl defensively after being hit. (AC +7*)


Message History

The arrow hits you.
The centaur unwields a +0 shortbow.
The centaur wields a +0 war axe.
The centaur hits you with a +0 war axe.
The centaur kicks you but does no damage.
You slash the centaur!
The centaur is heavily wounded.
The centaur hits you with a +0 war axe.
The centaur kicks you but does no damage.
You barely miss the centaur.
The centaur is heavily wounded.
The centaur hits you with a +0 war axe.
The centaur kicks you but does no damage.
The centaur hits you with a +0 war axe! The centaur misses you.
You are too injured to fight recklessly!
You are too injured to fight recklessly!
You hit the centaur.
The centaur is severely wounded.
The centaur hits you with a +0 war axe. The centaur closely misses you.
You hit the centaur but do no damage.
Your tail-slap misses the centaur.
The centaur is severely wounded.
The centaur hits you with a +0 war axe!
* * * LOW HITPOINT WARNING * * *
The centaur kicks you but does no damage.
You hit the centaur but do no damage.
The centaur is severely wounded.
The centaur hits you with a +0 war axe.
* * * LOW HITPOINT WARNING * * *
The centaur kicks you but does no damage.
You hit the centaur but do no damage.
Your tail-slap misses the centaur.
The centaur is severely wounded.
The centaur hits you but does no damage.
The centaur closely misses you.
You barely miss the centaur.
Your tail-slap misses the centaur.
The centaur is severely wounded.
The centaur hits you with a +0 war axe.
* * * LOW HITPOINT WARNING * * *
The centaur closely misses you. The centaur hits you with a +0 war axe.
* * * LOW HITPOINT WARNING * * *
The centaur kicks you.
You die...

#.....#
#.....#
#.....# .
##.#.## #
#.#.######
#.#.#....##.#
#.#))....'..#
###.##.....###
#.....@....#
#.....c#####
#.......
#.....).#
#.......#
#.......#
#####....
###.#


You could see a centaur.

Vanquished Creatures
  A cyclops (D:6)
  Grinder (D:5)
  Prince Ribbit (D:5)
  An orc warrior (D:6)
  2 ice beasts (D:5)
  A necrophage (D:5)
  An ogre (D:3)
  A bullfrog (Sewer)
  A scorpion (D:4)
  A howler monkey (D:4)
  4 wights (D:5)
  2 orc priests
  2 bullfrog zombies (D:5)
  A bullfrog skeleton (D:6)
  A hound (D:5)
  Jessica (D:3)
  An iguana (D:6)
  2 orc wizards (D:3)
  Ijyb (D:5)
  A scorpion zombie (D:5)
  Terence (D:3)
  3 hound skeletons
  Robin (D:3)
  5 adders
  2 white imps
  2 ufetubi (D:5)
  2 dart slugs
  7 orcs
  17 endoplasms
  11 giant cockroaches
  11 goblins
  6 hobgoblins
  10 quokkas (Sewer)
  18 ball pythons
  5 bats
  12 frilled lizards
  6 kobolds
  5 rats
151 creatures vanquished.

Notes
Turn   | Place    | Note
-------+----------+-------------------------------------------
     0 | D:1      | Froggeryz the Palentonga Berserker began the quest for the
                  | Orb.
     0 | D:1      | Reached XP level 1. HP: 19/19 MP: 1/1
   575 | D:1      | Reached XP level 2. HP: 23/25 MP: 2/2
  1721 | D:2      | Reached XP level 3. HP: 27/31 MP: 3/3
  1775 | D:2      | Reached ** piety under Trog
  1984 | D:3      | Reached skill level 4 in Axes
  2046 | D:3      | Reached skill level 1 in Throwing
  2046 | D:3      | Reached XP level 4. HP: 37/37 MP: 4/4
  2147 | D:3      | Found a broken altar of Ashenzari.
  2179 | D:3      | Found a runed translucent gate.
  2179 | D:3      | Found a runed translucent gate.
  2179 | D:3      | Found a runed translucent gate.
  2179 | D:3      | Noticed ChaosChampion's ghost (amateur OpTm)
  2271 | D:3      | Found a faded altar of an unknown god.
  2278 | D:3      | Noticed Terence
  2285 | D:3      | Killed Terence
  2286 | D:3      | Reached skill level 5 in Axes
  2286 | D:3      | Reached XP level 5. HP: 43/43 MP: 5/5
  2301 | D:3      | Found a glowing drain.
  2317 | D:3      | Noticed Jessica
  2317 | D:3      | Noticed an ogre
  2320 | Sewer    | Entered a sewer
  2608 | Sewer    | Reached *** piety under Trog
  2778 | Sewer    | Reached XP level 6. HP: 34/50 MP: 6/6
  2892 | D:3      | Reached skill level 6 in Axes
  2896 | D:3      | Killed Jessica
  3111 | D:3      | Found Xeistru's Antique Weapon Boutique.
  3145 | D:3      | Noticed Robin
  3156 | D:3      | Killed Robin
  3421 | D:3      | Noticed an air elemental
  3424 | D:3      | Found a stormy altar of Qazlal.
  3427 | D:3      | Noticed a fire elemental
  3427 | D:3      | Noticed a water elemental
  3473 | D:3      | Found a hazy altar of Hepliaklqana.
  3474 | D:3      | Found a faded altar of an unknown god.
  4427 | D:4      | Found a glowing silver altar of Zin.
  4427 | D:4      | Noticed an angel
  4460 | D:4      | Found a shimmering blue altar of Sif Muna.
  4475 | D:4      | Gained mutation: You curl defensively after being hit. (AC
                  | +7*) [Palentonga growth]
  4475 | D:4      | Reached XP level 7. HP: 49/55 MP: 7/7
  4569 | D:4      | Found a blossoming altar of Fedhas.
  5016 | D:4      | Found a staircase to the Ecumenical Temple.
  5056 | D:5      | Entered Level 5 of the Dungeon
  5120 | D:5      | Reached skill level 7 in Axes
  5449 | D:5      | Noticed Ijyb
  5463 | D:5      | Killed Ijyb
  5469 | D:5      | Reached skill level 8 in Axes
  5593 | D:5      | Noticed Grinder
  5598 | D:5      | Found a glowing golden altar of the Shining One.
  5609 | D:5      | Killed Grinder
  5610 | D:5      | Reached XP level 8. HP: 60/62 MP: 8/8
  5694 | D:5      | Noticed Prince Ribbit
  5703 | D:5      | Killed Prince Ribbit
  5704 | D:5      | Reached skill level 9 in Axes
  5976 | D:5      | Found a sparkling altar of Nemelex Xobeh.
  6507 | D:6      | Noticed a cyclops
  6520 | D:6      | Killed a cyclops
  6521 | D:6      | Reached skill level 10 in Axes
  6521 | D:6      | Reached XP level 9. HP: 67/67 MP: 9/9
  6852 | D:6      | Reached **** piety under Trog
  7064 | D:6      | HP: 3/67 [centaur (1)]
  7064 | D:6      | Slain by a centaur

Illustrated notes

Levels and vault maps discovered:
D:1:      doesnt_arrival_eight_statues, layout_basic,
          wander_ebering_terrifying_dragon_lair
D:2:      layout_basic
D:3:      layout_loops_corners, ashenzari_altar_1,
          nicolae_qazlal_style_of_elements, beargit_hepliaklqana_dungeon_heroes,
          serial_shops, shop, hellmonk_ecumenical_altar_crossroads,
          portal_sewer_entry_a, gammafunk_ghost_necromancy, uniq_terence,
          uniq_robin, uniq_crazy_yiuf_cottage, uniq_jessica
D:4:      layout_basic, mainiacjoe_overflow_tiny_flanked, zin_angel,
          fedhas_altar_4, temple_fountains
D:5:      layout_basic, nemelex_xobeh_ov_fountains_minmay,
          nicolae_tso_swordbearing_angel, uniq_ijyb, uniq_grinder,
          uniq_prince_ribbit1
D:6:      layout_basic, nicolae_dithmenos_the_darkroom

Skill      XL: |  1  2  3  4  5  6  7  8 |
---------------+-------------------------+-----
Armour         | 2 3 |  3.3
Axes           | 4 5 6 8 10 | 10.3
Throwing       | 1 2 3 4 |  4.1
Dodging        | 2 |  2.1
Fighting       | |  3.0

Action                   |  1- 3 |  4- 6 |  7- 9 || total
-------------------------+-------+-------+-------++-------
Melee: Hand axe          |    81 |   209 |   155 ||   445
       Tailslap          |     9 |    27 |    28 ||    64
Throw: Boomerang         |       |       |     2 ||     2
Invok: Berserk           |     1 |     2 |     6 ||     9
       Trog's Hand       |     1 |       |     2 ||     3
  Use: Scroll            |       |     1 |       ||     1
Armor: Animal skin       |    25 |       |       ||    25
       Ring mail         |     6 |       |       ||     6
       Scale mail        |     7 |    80 |    62 ||   149
Dodge: Dodged            |    47 |    86 |    61 ||   194

Table legend: (Time is in decaauts)
 A = Elapsed time spent in this place.
 B = Non-inter-level travel time spent in this place.
 C = Inter-level travel time spent in this place.
 D = Time resting spent in this place.
 E = Time spent auto-exploring this place.
 F = Levels seen in this place.
 G = Mean time per level.
                   A        B        C        D        E       F      G
               +--------+--------+--------+--------+--------+-----+--------+
         Total |   7204 |   7080 |    124 |    605 |   5209 |   7 | 1029.1 |
       Dungeon |   6571 |   6447 |    124 |    469 |   5003 |   6 | 1095.2 |
         Sewer |    632 |    632 |      0 |    136 |    206 |   1 |  632.0 |
               +--------+--------+--------+--------+--------+-----+--------+

Top non-repeatable levels by time:
     D:3: 1586 daAuts
     D:5: 1408 daAuts
     D:1: 1262 daAuts
     D:4: 966 daAuts
     D:2: 718 daAuts
   Sewer: 632 daAuts
     D:6: 630 daAuts
